 Dungeon Crawl Stone Soup version 0.18.1-48-g4cf74bf (webtiles) character file.

63442 Levianaught the Peltast (level 14, -3/130 HPs)
             Began as a Minotaur Berserker on July 16, 2016.
             Was a Follower of Jiyva.
             Killed from afar by a troll (47 damage)
             ... with an exploding inner flame
             ... created by the rage of Trog
             ... hexed by the player character
             ... on level 1 of the Spider Nest on Aug 13, 2016.
             The game lasted 01:43:39 (20184 turns).

Levianaught the Peltast (Minotaur Berserker)       Turns: 20184, Time: 01:43:39

Health: -3/130     AC: 29    Str: 29    XL:     14   Next: 68%
Magic:  11/13      EV: 14    Int:  4    God:    Jiyva [*.....]
Gold:   1733       SH: 15    Dex: 13    Spells: 0 memorised, 13 levels left

rFire  . . .     SeeInvis .     y - +5 flail (protect)
rCold  . . .     Gourm    .     h - +2 plate armour {MR+}
rNeg   . . .     Faith    .     u - +0 shield
rPois  .         Spirit   .     R - +2 hat
rElec  .         Dismiss  .     i - +0 cloak
rCorr  .         Reflect  .     q - +1 pair of gloves
SustAt .         Harm     .     I - +0 pair of boots (curse)
MR     +++..                    l - amulet of regeneration
Stlth  ..........               j - +5 ring of strength
                                p - ring of protection from magic

@: slowed, very slow, extremely resistant to hostile enchantments, extremely
unstealthy
A: retaliatory headbutt, horns 2, wild magic 1
a: Request Jelly, Renounce Religion


You were on level 1 of the Spider Nest.
You worshipped Jiyva.
Jiyva was aware of your devotion.
You were very full.

You visited 4 branches of the dungeon, and saw 24 of its levels.
You also visited: Ossuary and Bailey.

You collected 1733 gold pieces.

Inventory:

Hand Weapons
 y - a +5 flail of protection (weapon)
Missiles
 b - 46 tomahawks of returning (quivered)
Armour
 h - a +2 plate armour of magic resistance (worn)
 i - a +0 cloak (worn)
 q - a +1 pair of gloves (worn)
 u - a +0 shield (worn)
 I - a cursed +0 pair of boots (worn)
 R - a +2 hat (worn)
Rods
 M - a +8 rod of inaccuracy (10/10)
   (You found it on level 8 of the Lair of Beasts)
Jewellery
 a - an uncursed ring of sustain attributes
 j - a +5 ring of strength (right hand)
 l - an amulet of regeneration (around neck)
 p - a ring of protection from magic (left hand)
 E - the ring "Sipog" {SInv Stlth+}
   (You found it on level 6 of the Dungeon)

   [ring of stealth]

   It lets you see invisible.
   It makes you more stealthy.
 Y - an uncursed amulet of the gourmand
Scrolls
 e - 8 scrolls of recharging
 g - 6 scrolls of teleportation
 s - 7 scrolls of remove curse
 v - a scroll of immolation
 B - 2 scrolls of magic mapping
 U - a scroll of enchant armour
Potions
 f - 2 potions of invisibility
 k - 8 potions of brilliance
 r - a potion of magic
 t - 4 potions of heal wounds
 w - 2 potions of resistance {unknown}
 z - 2 potions of mutation
 D - 2 potions of curing
 F - a potion of lignification
 G - 2 potions of might
 H - 5 potions of flight
 N - a potion of agility
 W - 2 potions of cancellation {unknown}
Miscellaneous
 d - a phial of floods (inert)
 x - a box of beasts
Comestibles
 n - 2 slices of pizza
 S - a meat ration
 V - 9 fruits


   Skills:
 + Level 13.7 Fighting
 - Level 10.2 Maces & Flails
 - Level 3.4 Throwing
 - Level 11.7 Armour
 - Level 12.3 Dodging
 - Level 15.3 Shields
 + Level 10.4 Unarmed Combat


You had 13 spell levels left.
You didn't know any spells.

Dungeon Overview and Level Annotations

Branches:
Dungeon (9/15)             Temple (0/1) D:6            Lair (8/8) D:9
  Swamp (0/4) Lair:3       Spider (1/4) Lair:3        Slime (6/6) Lair:6
    Orc: D:9-12

Altars:
Kikubaaqudgha
Okawaru
Sif Muna
Trog
Vehumet
Xom
Zin
The Shining One
Jiyva

Annotations:
Slime:6 Royal Jelly


Innate Abilities, Weirdness & Mutations

You reflexively headbutt those who attack you in melee.
You have a pair of horns on your head.
Your spells are a little harder to cast, but a little more powerful.


Message History

The polar bear explodes!
The fiery explosion engulfs the two-headed ogre.
The two-headed ogre is almost dead.
The fiery explosion engulfs the troll.
The troll is almost dead.
The fiery explosion engulfs you!
* * * LOW HITPOINT WARNING * * *
The two-headed ogre is engulfed in roaring flames.
The two-headed ogre rages.
The black bear bites you but does no damage.
The black bear misses you.
The black bear claws you but does no damage.
You hear an angry hiss.
Unknown command.
Drink which item? (? for menu, Esc to quit)
You feel much better.
The troll is engulfed in roaring flames.
The troll explodes!
The fiery explosion engulfs you!
You die...

#### ### ...#
#####.. ...#
#......##..#
#...(#J..#
#.....##
#..##§hO..#
......§§@h##
...#..§O#§.J#
. #^.§§.§..#
#....#.##...
....#. #.
...# .......
. #..#
.#.#..# ##
.## #. .# .


You could see a polar bear (berserk), a two-headed ogre (berserk), a black bear
(berserk), an ogre (berserk) and 2 neutral jellies (fellow slime).

Vanquished Creatures
  The ghost of Namcinos the Fighter, a journeyman OgBe of Trog (Spider:1)
  Josephine (Lair:4)
  6 hydras
  A centaur warrior (D:9)
  4 catoblepae
  22 death yaks
  2 wolf spiders (Lair:3)
  3 griffons
  A cyclops (D:9)
  9 elephants
  3 black mambas
  16 spiny frogs
  A centaur skeleton (D:8)
  7 komodo dragons
  2 rime drakes (Lair:5)
  3 jumping spiders (Lair:3)
  A polar bear (Spider:1)
  Grinder (D:6)
  The ghost of saranimal the Ducker, an amateur HEHu (D:4)
  2 slime creatures (Lair:6)
  17 blink frogs
  12 redbacks (Lair:3)
  34 yaks
  4 wraiths (Lair:4)
  A wyvern (D:9)
  2 basilisks (Lair:6)
  A steam dragon (D:7)
  12 hippogriffs
  Edmund (D:4)
  A soldier ant (D:6)
  2 hell hounds (D:9)
  11 water moccasins
  4 orc warriors
  8 porcupines
  A phantom (D:4)
  A black bear (Spider:1)
  3 ogres
  4 wolves (Lair:8)
  2 centaurs
  14 crocodiles
  12 giant frogs
  A wyvern zombie (D:8)
  10 scorpions
  2 killer bees (D:6)
  A jelly (D:8)
  5 wights (D:7)
  5 howler monkeys
  A crimson imp (D:6)
  4 centaur zombies
  5 hounds
  2 giant frog skeletons
  A gnoll shaman (D:5)
  A human zombie (Ossuary)
  2 orc priests
  Terence (D:2)
  12 iguanas
  7 orc wizards
  11 worker ants
  10 sheep
  5 big kobold zombies (Ossuary)
  A giant frog simulacrum (D:9)
  2 hound zombies
  A hound skeleton (D:8)
  3 mummies (Ossuary)
  Robin (D:2)
  10 gnolls
  5 adders
  48 river rats
  2 scorpion zombies (Ossuary)
  2 shadow imps
  An ooze (D:3)
  An adder zombie (D:7)
  2 worms (D:2)
  A dart slug (D:4)
  5 giant geckos
  28 orcs
  7 bats
  10 giant cockroaches
  19 goblins
  6 hobgoblins
  9 jackals
  3 quokkas
  A ball python (D:2)
  2 giant newts
  A gnoll zombie (Ossuary)
  2 goblin zombies (Ossuary)
  A jackal skeleton (D:4)
  A jackal zombie (D:7)
  12 kobolds
  3 kobold zombies (Ossuary)
  5 orc zombies (Ossuary)
  A quokka simulacrum (D:9)
  2 quokka skeletons
  11 rats
  A butterfly (D:6)
  3 fungi
  A plant (Lair:8)
534 creatures vanquished.

Vanquished Creatures (collateral kills)
  Gastronok (Lair:1)
  A hydra (Lair:8)
  A death yak (Lair:6)
  7 elephants
  A black mamba (Lair:1)
  4 blink frogs
  3 yaks
  A water moccasin (Lair:8)
  2 orc warriors (Bailey)
  2 crocodiles
  2 gnolls (Bailey)
  4 river rats (Lair:6)
  3 orcs (Bailey)
  3 goblins (Bailey)
35 creatures vanquished.

Vanquished Creatures (others)
  2 acid blobs (Slime:6)
  An azure jelly (Slime:6)
  A shining eye (Slime:6)
  3 eyes of devastation
  10 slime creatures
  A giant eyeball (Slime:6)
  2 eyes of draining
  20 jellies
  5 sheep (Lair:1)
  22 fungi
  9 plants
76 creatures vanquished.

Grand Total: 645 creatures vanquished

Notes
Turn   | Place    | Note
--------------------------------------------------------------
     0 | D:1      | Levianaught the Minotaur Berserker began the quest for the Orb.
     0 | D:1      | Reached XP level 1. HP: 19/19 MP: 0/0
   112 | D:1      | Reached skill level 1 in Unarmed Combat
   191 | D:1      | Reached XP level 2. HP: 27/27 MP: 1/1
   456 | D:1      | Reached ** piety under Trog
   664 | D:2      | Reached XP level 3. HP: 33/33 MP: 2/2
   672 | D:2      | Noticed Robin
   968 | D:2      | Killed Robin
   968 | D:2      | Reached XP level 4. HP: 40/41 MP: 3/3
  1040 | D:2      | Noticed Terence
  1045 | D:2      | Killed Terence
  1045 | D:2      | Reached skill level 5 in Fighting
  1312 | D:2      | Reached *** piety under Trog
  1760 | D:3      | Reached XP level 5. HP: 48/48 MP: 4/4
  2140 | D:4      | Noticed Edmund
  2156 | D:4      | Killed Edmund
  2156 | D:4      | Reached XP level 6. HP: 52/56 MP: 5/5
  2178 | D:4      | Noticed saranimal's ghost (amateur HEHu)
  2192 | D:4      | Killed saranimal's ghost
  2192 | D:4      | Reached skill level 5 in Dodging
  2276 | D:4      | Reached XP level 7. HP: 61/61 MP: 6/6
  2575 | D:4      | Reached skill level 5 in Armour
  2786 | D:5      | Entered Level 5 of the Dungeon
  2787 | D:5      | Found an iron altar of Okawaru.
  2844 | D:5      | Reached skill level 5 in Unarmed Combat
  2868 | D:5      | Reached XP level 8. HP: 30/69 MP: 7/7
  2926 | D:5      | Found a bloodstained altar of Trog.
  3229 | D:5      | Reached **** piety under Trog
  3490 | D:6      | Found a staircase to the Ecumenical Temple.
  3512 | D:6      | Got a bound lead ring
  3514 | D:6      | Identified the ring "Sipog" {SInv Stlth+} (You found it on level 6 of the Dungeon)
  3601 | D:6      | Found a runed door.
  3617 | D:6      | Found a runed door.
  3851 | D:6      | Found a sand-covered staircase.
  3858 | Ossuary  | Entered an ossuary
  3984 | Ossuary  | Reached skill level 5 in Maces & Flails
  4201 | Ossuary  | Reached XP level 9. HP: 47/74 MP: 8/8
  4387 | D:6      | Noticed Grinder
  4397 | D:6      | Killed Grinder
  4995 | D:7      | Found a flagged portal.
  5153 | Bailey   | Entered a bailey
  5305 | Bailey   | Reached skill level 1 in Throwing
  5586 | D:7      | Found a shimmering altar of Xom.
  5932 | D:7      | Found a glowing golden altar of the Shining One.
  6031 | D:8      | Reached XP level 10. HP: 65/81 MP: 9/9
  6359 | D:8      | Found an ancient bone altar of Kikubaaqudgha.
  6359 | D:8      | Found a glowing silver altar of Zin.
  6672 | D:9      | Found a staircase to the Lair.
  6815 | D:9      | Noticed a centaur warrior
  6834 | D:9      | Killed a centaur warrior
  6894 | D:9      | Reached skill level 10 in Fighting
  6934 | D:9      | Reached ***** piety under Trog
  6948 | D:9      | Noticed a cyclops
  6955 | D:9      | Killed a cyclops
  7305 | D:9      | Found a deep blue altar of Sif Muna.
  7370 | D:9      | Found a radiant altar of Vehumet.
  7458 | Lair:1   | Entered Level 1 of the Lair of Beasts
  7458 | Lair:1   | Noticed Gastronok
  7462 | Lair:1   | Noticed a black mamba
  7467 | Lair:1   | Killed Gastronok
  7468 | Lair:1   | Killed a black mamba
  7468 | Lair:1   | Reached XP level 11. HP: 81/104 MP: 7/10
  7698 | Lair:1   | Found a shimmering altar of Xom.
  8004 | Lair:1   | Noticed an eight-headed hydra
  8015 | Lair:1   | Killed an eight-headed hydra
  8713 | Lair:2   | Noticed a four-headed hydra
  8725 | Lair:2   | Killed a four-headed hydra
  8782 | Lair:2   | Noticed a seven-headed hydra
  8790 | Lair:2   | Killed a seven-headed hydra
  9380 | Lair:3   | Received a gift from Trog
  9529 | Lair:3   | Found a staircase to the Swamp.
  9530 | Lair:3   | Noticed a griffon
  9537 | Lair:3   | Killed a griffon
  9537 | Lair:3   | Reached skill level 10 in Armour
  9686 | Lair:3   | Received a gift from Trog
  9722 | Lair:3   | Noticed a wolf spider
  9732 | Lair:3   | Killed a wolf spider
  9732 | Lair:3   | Reached XP level 12. HP: 62/115 MP: 7/11
  9734 | Lair:3   | Reached skill level 10 in Dodging
  9936 | Lair:3   | Found a hole to the Spider Nest.
 10506 | Lair:4   | Noticed a four-headed hydra
 10517 | Lair:4   | Killed a four-headed hydra
 10745 | Lair:4   | Noticed a catoblepas
 10778 | Lair:4   | Killed a catoblepas
 10930 | Lair:4   | Found a frozen archway.
 10983 | Lair:4   | Found a deep blue altar of Sif Muna.
 11013 | Lair:4   | Noticed Josephine
 11035 | Lair:4   | Killed Josephine
 11167 | Lair:4   | Noticed a death yak
 11191 | Lair:4   | Killed a death yak
 12197 | Lair:5   | Reached skill level 1 in Shields
 12231 | Lair:5   | Reached skill level 2 in Shields
 12476 | Lair:5   | Reached skill level 3 in Shields
 12490 | Lair:5   | Received a gift from Trog
 12516 | Lair:5   | Reached skill level 4 in Shields
 12646 | Lair:5   | Reached skill level 5 in Shields
 12793 | Lair:5   | Reached XP level 13. HP: 114/122 MP: 10/12
 13231 | Lair:6   | Reached skill level 6 in Shields
 13239 | Lair:6   | Received a gift from Trog
 13606 | Lair:6   | Reached skill level 7 in Shields
 13797 | Lair:6   | Reached skill level 8 in Shields
 13975 | Lair:6   | Reached skill level 9 in Shields
 13987 | Lair:6   | Found a staircase to the Slime Pits.
 13988 | Lair:6   | Found a viscous altar of Jiyva.
 14966 | Lair:7   | Reached skill level 10 in Shields
 15233 | Lair:7   | Reached skill level 11 in Shields
 15726 | Lair:8   | Entered Level 8 of the Lair of Beasts
 15755 | Lair:7   | Reached skill level 12 in Shields
 15779 | Lair:7   | Received a gift from Trog
 15779 | Lair:7   | Reached skill level 10 in Maces & Flails
 16685 | Lair:8   | Reached XP level 14. HP: 125/129 MP: 13/13
 16689 | Lair:8   | Reached skill level 13 in Shields
 16958 | Lair:8   | Reached skill level 14 in Shields
 17713 | Lair:8   | Reached skill level 15 in Shields
 18126 | Lair:8   | Identified a +8 rod of inaccuracy (10/10) (You found it on level 8 of the Lair of Beasts)
 18283 | Slime:1  | Entered Level 1 of the Pits of Slime
 18283 | Slime:1  | Noticed an azure jelly
 18299 | Lair:6   | Reached skill level 10 in Unarmed Combat
 18301 | Lair:6   | Fell from the grace of Trog
 18301 | Lair:6   | Became a worshipper of Jiyva Jimoas the Shapeless
 18361 | Slime:1  | Noticed an azure jelly
 18368 | Slime:1  | Noticed an acid blob
 18369 | Slime:1  | Noticed an acid blob
 18374 | Slime:1  | Noticed an azure jelly
 18689 | Slime:3  | Noticed an acid blob
 18694 | Slime:3  | Noticed an azure jelly
 18738 | Slime:4  | Noticed an acid blob
 18756 | Slime:4  | Noticed an acid blob
 18902 | Slime:5  | Noticed an acid blob
 18903 | Slime:5  | Noticed an acid blob
 19109 | Slime:6  | Entered Level 6 of the Pits of Slime
 19166 | Slime:6  | Noticed an acid blob
 19194 | Slime:6  | Noticed an acid blob
 19195 | Slime:6  | Noticed an acid blob
 19196 | Slime:6  | Noticed the Royal Jelly
 19197 | Slime:6  | Noticed an acid blob
 19203 | Slime:6  | Killed an azure jelly
 19207 | Slime:6  | Killed an acid blob
 19212 | Slime:6  | Noticed an azure jelly
 19218 | Slime:6  | Noticed an acid blob
 19223 | Slime:6  | Noticed an acid blob
 19240 | Slime:6  | Found a viscous altar of Jiyva.
 19255 | Slime:6  | Killed an acid blob
 19265 | Slime:6  | Noticed an azure jelly
 19266 | Slime:6  | Noticed an acid blob
 19269 | Slime:6  | Noticed an acid blob
 19295 | Slime:6  | Noticed an acid blob
 19420 | Slime:6  | Noticed an azure jelly
 19678 | Spider:1 | Entered Level 1 of the Spider Nest
 19678 | Spider:1 | Noticed Namcinos's ghost (journeyman OgBe)
 19979 | Lair:3   | Gained mutation: Your spells are a little harder to cast, but a little more powerful. [potion of beneficial mutation]
 20054 | Lair:3   | Reached * piety under Jiyva
 20178 | Spider:1 | Killed Namcinos's ghost
 20184 | Spider:1 | Killed from afar by a troll

Skill      XL: |  1  2  3  4  5  6  7  8  9 10 11 12 13 14 |
---------------+-------------------------------------------+-----
Unarmed Combat | 1 2 3 4 5 8 9 10 | 10.4
Fighting       | 4 5 12 13 | 13.7
Dodging        | 4 6 7 9 12 | 12.3
Armour         | 6 7 10 11 | 11.7
Maces & Flails | 6 8 9 10 | 10.2
Throwing       | 3 |  3.4
Shields        | 5 12 15 | 15.3

Action                   |  1- 3 |  4- 6 |  7- 9 | 10-12 | 13-15 || total
-------------------------+-------+-------+-------+-------+-------++-------
Melee: Mace              |    98 |    90 |       |       |       ||   188
       Headbutt          |    12 |    13 |    80 |   180 |   292 ||   577
       Flail             |       |     2 |   370 |   658 |   881 ||  1911
       Punch             |       |       |    12 |    27 |       ||    39
Throw: Tomahawk          |       |       |    12 |       |     1 ||    13
Invok: Berserk           |     1 |     2 |       |       |     2 ||     5
       Trog's Hand       |       |     2 |     7 |     6 |     5 ||    20
       Brothers in Arms  |       |       |     3 |     5 |     8 ||    16
       Burn Spellbooks   |       |       |       |     1 |     1 ||     2
       Request Jelly     |       |       |       |       |     2 ||     2
Evoke: Phial of floods   |       |       |       |       |     1 ||     1
  Use: Scroll            |       |     1 |     6 |    18 |    14 ||    39
       Potion            |       |       |    11 |     2 |    10 ||    23
 Stab: Invisible         |       |       |       |       |     1 ||     1
  Eat: Bread ration      |     1 |       |     1 |     1 |     2 ||     5
       Pizza             |     1 |       |       |       |       ||     1
       Chunk             |       |     2 |     7 |     6 |       ||    15
       Fruit             |       |     2 |     1 |       |    18 ||    21
       Beef jerky        |       |       |     1 |     2 |     2 ||     5
       Meat ration       |       |       |       |     2 |     2 ||     4
Armor: Ring mail         |    34 |       |       |       |       ||    34
       Scale mail        |       |    41 |   207 |       |       ||   248
       Plate armour      |       |       |    19 |   476 |   539 ||  1034
       Skin              |       |       |     1 |       |     4 ||     5
Dodge: Dodged            |    72 |    49 |   381 |   418 |   450 ||  1370
Block: Shield            |       |       |       |    43 |   653 ||   696
